 Dungeon Crawl Stone Soup version 0.29-a0-2-g12fcac58f8 (webtiles) character file.

Game seed: 4113911008653191644

116193 Mgcat the Warrior (level 16, 0/150 HPs)
             Began as a Demonspawn Wanderer on Jan 26, 2022.
             Was a Plaything of Xom.
             Killed from afar by a wretched star (16 damage)
             ... with a lance of force
             ... on level 2 of the Abyss.
             The game lasted 01:03:48 (30264 turns).

Mgcat the Warrior (Demonspawn Wanderer)            Turns: 30264, Time: 01:03:49

Health: 0/150      AC: 25    Str: 33    XL:     16   Next: 20%
Magic:  17/17      EV: 11    Int: 20    God:    Xom [*.....]
Gold:   1286       SH:  0    Dex: 12    Spells: 16/17 levels left

rFire   + + .      SeeInvis +   a - +8 falchion of Lepangej {protect, *Noise *Slow rElec Str+8 SInv}
rCold   . . .      Faith    .   (no shield)
rNeg    . . .      Spirit   .   u - +4 plate armour {Will+}
rPois   +          Reflect  .   B - +0 hat of Free Expression {Str+4}
rElec   +          Harm     .   k - +0 cloak "Datuargh" {rF+ Int+4 SInv}
rCorr   .          Rampage  .   C - +0 pair of gloves
Will    ++...                   (boots unavailable)
Stlth   ..........              (no amulet)
HPRegen 0.35/turn               A - +4 ring of protection
MPRegen 0.15/turn               z - ring of protection from fire {rF+, !d}

@: mighty, about to teleport, corroded, under a protective aura
A: hooves 3, demonic guardian 3, powered by death 2, sturdy frame 2, bedeviling,
antennae 1, claws 1, clever 1, clumsy 1, deformed body, sense surroundings 1,
poison resistance, robust 1, strong 1, wild magic 1, evolution 1, MP-powered
wands, noise suppression, [screaming 2]
a: Renounce Religion


You were on level 2 of the Abyss.
You worshipped Xom.
You were a special plaything of Xom.
You visited 3 branches of the dungeon, and saw 23 of its levels.
You visited the Abyss 1 time.
You also visited: Bailey and Volcano.

You collected 3172 gold pieces.
You spent 1886 gold pieces at shops.

Inventory:

Hand Weapons
 a - the +8 falchion of Lepangej (weapon) {protect, *Noise *Slow rElec Str+8 SInv}
   (You took it off an orc on level 3 of the Dungeon)

   It grants its wielder temporary protection when it strikes (+7 to AC).
   Str:       It affects your strength (+8).
   rElec:     It insulates you from electricity.
   SInv:      It lets you see invisible.
   *Noise:    It may make noises in combat.
   *Slow:     It may slow you when you take damage.
 b - a +5 hunting sling of freezing
   (You took it off a goblin on level 2 of the Dungeon)
 c - a +4 vorpal broad axe
   (You took it off Urug on level 11 of the Dungeon)
 J - a +2 scimitar of flaming
   (You took it off an efreet on level 10 of the Dungeon)
Missiles
 n - 137 sling bullets
 s - 12 boomerangs
Armour
 i - a +0 pair of boots of stealth
   (You found it in a volcano)
 k - the +0 cloak "Datuargh" (worn) {rF+ Int+4 SInv}
   (You bought it in a shop on level 1 of the Orcish Mines)

   Int:       It affects your intelligence (+4).
   rF:        It protects you from fire.
   SInv:      It lets you see invisible.
 u - a +4 plate armour of willpower (worn)
   (You bought it in a shop on level 2 of the Orcish Mines)
 B - the +0 hat of Free Expression (worn) {Str+4}
   (You found it on level 1 of the Lair of Beasts)

   Str:       It affects your strength (+4).
 C - a +0 pair of gloves (worn)
   (You found it on level 8 of the Dungeon)
Jewellery
 y - a ring of flight {+Fly, !d}
   (You found it on level 4 of the Lair of Beasts)
 z - a ring of protection from fire (right hand) {rF+, !d}
   (You found it on level 5 of the Dungeon)
 A - a +4 ring of protection (left hand)
   (You found it on level 3 of the Lair of Beasts)
Wands
 j - a wand of acid (3)
   (You took it off a centaur on level 13 of the Dungeon)
 l - a wand of iceblast (7)
   (You found it on level 8 of the Dungeon)
 m - a wand of flame (17)
   (You found it on level 5 of the Dungeon)
 q - a wand of polymorph (5)
   (You found it on level 8 of the Dungeon)
 v - a wand of digging (19)
   (You found it on level 9 of the Dungeon)
 x - a wand of charming (12)
   (You found it on level 6 of the Dungeon)
 E - a wand of paralysis (6)
   (You found it on level 14 of the Dungeon)
 H - a wand of mindburst (10)
   (You found it on level 10 of the Dungeon)
Scrolls
 d - 6 scrolls of fear
 e - a scroll of amnesia
 g - 8 scrolls of identify
 h - 9 scrolls of teleportation
 p - 7 scrolls of magic mapping {!r}
 G - a scroll of fog
Potions
 f - a potion of mutation {!q}
 o - 2 potions of flight
 r - 2 potions of curing
 t - 3 potions of heal wounds
 w - 3 potions of magic
 D - a potion of cancellation
 F - 2 potions of brilliance
 N - 4 potions of might
Miscellaneous
 M - a condenser vane
   (You found it on level 3 of the Lair of Beasts)


   Skills:
 + Level 15.6 Fighting
 - Level 14.3 Long Blades
 * Level 6.0(6.3) Axes
 - Level 2.8(4.7) Maces & Flails
 + Level 9.0(9.2) Slings
 - Level 2.6(6.3) Throwing
 + Level 14.0 Armour
 - Level 3.7 Dodging
 - Level 1.0 Spellcasting
 - Level 2.0 Hexes


You had 16 spell levels left.
You knew the following spells:

 Your Spells              Type           Power      Damage    Failure   Level
a - Slow                  Hex            68%        N/A       28%         1

Your spell library contained the following spells:

 Spells                   Type           Power      Damage    Failure   Level
 Corpse Rot               Necr/Air       2%         N/A       65%         2
 Scorch                   Fire           2%         2d5       65%         2
 Portal Projectile        Hex/Tloc       18%        N/A       73%         3
 Summon Guardian Golem    Hex/Summ       9%         N/A       73%         3
 Call Canine Familiar     Summ           1%         N/A       86%         3
 Ignite Poison            Fire/Tmut/Pois 1%         N/A       86%         3
 Mephitic Cloud           Conj/Pois/Air  1%         N/A       86%         3
 Fulminant Prism          Conj/Hex       4%         3d6       98%         4
 Leda's Liquefaction      Hex/Erth       4%         N/A       98%         4
 Dispel Undead            Necr           1%         3d6       99%         4
 Flame Wave               Conj/Fire      1%         2d4       99%         4
 Freezing Cloud           Conj/Ice/Air   0%         6-21      100%        5
 Death Channel            Necr           0%         N/A       100%        6
 Summon Cactus Giant      Summ           0%         N/A       100%        6
 Orb of Destruction       Conj           0%         9d5       100%        7
 Spellforged Servitor     Conj/Summ      0%         N/A       100%        7


Dungeon Overview and Level Annotations

Branches:
Dungeon (15/15)            Temple (0/1) D:4            Lair (6/6) D:9
  Swamp (0/4) Lair:2       Spider (0/4) Lair:3        Slime (0/5) Lair:6
    Orc (2/2) D:9             Elf (0/3) Orc:2        Vaults (0/5) D:13
 Depths (0/4) D:15         Bailey (visited)         Volcano (visited)

Altars:
Nemelex Xobeh
Sif Muna
Trog
Uskayaw
Xom
The Shining One
Jiyva
Lugonu

Shops:
D:7 (   D:12 !(*(!   D:14 [   Orc:1 [[*   Orc:2 [[(?

Portals:
Abyss: Lair:6

Annotations:
D:7 2 transporters, 3 runed translucent doors, numbers123456's ghost, amateur HOMo
D:15 Louise
Lair:2 3 runed translucent doors, exclusion: oklob plant, wineyard's ghost, journeyman DsWn


Innate Abilities, Weirdness & Mutations

You have hooves in place of feet.
A powerful demonic guardian rushes to your aid.
You regenerate health from kills.
Your movements are less encumbered by armour. (ER -4)
Your hexes are more powerful.
You have a pair of small antennae on your head.
You have sharp fingernails.
Your mind is acute. (Int +2)
You are clumsy. (Dex -2)
Armour fits poorly on your strangely shaped body.
You passively map a small area around you.
Your system is resistant to poisons. (rPois)
You are robust. (+10% HP)
Your muscles are strong. (Str +2)
Your spells are a little harder to cast, but a little more powerful.
You have hidden genetic potential.
You expend magic power (3 MP) to strengthen your wands.
You passively dampen the noise of your surroundings.
[You frequently scream uncontrollably at your foes.]


Message History

The neqoxec misses you.
Spoiler Alert: The neqoxec can mutate you, and drain your Int!
You are not wearing SustAb!
You are not wearing rMut!
You slice the neqoxec!!
You kill the neqoxec!
That felt strangely unrewarding.
A yellow draconian comes into view. It is wielding a +0 mace.
The yellow draconian roars! "Just a minor improvement..."
Spoiler Alert: The yellow draconian can corrode your equipment at range!
A wretched star comes into view.
A bone dragon comes into view.
You hit the yellow draconian.
Your weapon exudes an aura of protection.
You punch the yellow draconian.
The yellow draconian is lightly wounded.
Xom makes a sudden noise!
You hear a roar!
Spoiler Alert: The yellow draconian can corrode your equipment at range!
You slice the yellow draconian!! Your kick misses the yellow draconian.
The yellow draconian is moderately wounded.
Xom changes the scenery.
Nothing appears to happen.
The yellow draconian hits you with a +0 mace!
You take 13 damage, and have 62/150 hp.
Spoiler Alert: The yellow draconian can corrode your equipment at range!
You closely miss the yellow draconian. You kick the yellow draconian!
The yellow draconian is moderately wounded.
You feel very mighty all of a sudden. The yellow draconian spits acid at you.
The glob of acid misses you.
The wretched star glows turbulently.
The lance of force hits you!
You are knocked back by the lance of force.
You slam into the metal wall!
You take 8 damage, and have 54/150 hp.
Spoiler Alert: The yellow draconian (catching breath) can corrode your equipment at range!
You hit the yellow draconian.
The yellow draconian is moderately wounded.
The yellow draconian hits you but does no damage.
Spoiler Alert: The yellow draconian can corrode your equipment at range!
You slash the yellow draconian! You punch the yellow draconian.
The yellow draconian is heavily wounded.
The yellow draconian spits acid at you.
The glob of acid hits you but does no damage.
The acid corrodes you!
You hit the yellow draconian.
The yellow draconian is heavily wounded.
Spoiler Alert: The yellow draconian can corrode your equipment at range!
You slash the yellow draconian! You kick the yellow draconian!
The yellow draconian is severely wounded.
The yellow draconian spits acid at you. The glob of acid misses you.
Lua error: [string "/dgldir/rcfiles/crawl-git/Mgcat.rc"]:930: invalid capture index You hit the yellow draconian.
You kick the yellow draconian!
The yellow draconian is severely wounded.
Spoiler Alert: The yellow draconian (catching breath) can corrode your equipment at range!
You slash the yellow draconian! You kick the yellow draconian!
The yellow draconian is almost dead.
The yellow draconian hits you with a +0 mace!
You take 9 damage, and have 46/150 hp.
Spoiler Alert: The yellow draconian can corrode your equipment at range!
You slash the yellow draconian!
You kill the yellow draconian!
That felt strangely unrewarding.
The wretched star pulses with an eldritch light!
You feel the urge to shout.
You feel a strong urge to scream.
You slice the bone dragon!! You kick the bone dragon.
The bone dragon is lightly damaged. "Forecast: mostly cloudy."
You regained 2 hp, and now have 48/150 hp.
Unknown command.
Unknown command.
Unknown command.
Unknown command.
As you read the scroll of teleportation, it crumbles to dust.
You feel strangely unstable.
You feel the power of the Abyss delaying your translocation!
The bone dragon bites you but does no damage.
The bone dragon claws you. The bone dragon closely misses you.
Unknown command.
Unknown command.
Unknown command.
Unknown command.
Unknown command.
The wretched star glows turbulently.
The lance of force hits you!!
* * * LOW HITPOINT WARNING * * *
A demonic guardian appears!
You are knocked back by the lance of force.
You slam into the stone wall!
* * * LOW HITPOINT WARNING * * *
You take 33 damage, and have 15/150 hp.
MASSIVE DAMAGE!!
Unknown command.
Unknown command.
Unknown command.
Unknown command.
Unknown command.
The wretched star glows turbulently.
The lance of force hits you!
You die... "Huh?
Did I miss anything?"

....#.# #..#.#
#.#.# # ##. .##
#....§§.# ##D§##
## # #§##.###
.#.####§##. # #
..##.2@.*§#.*....#
. ## .#.##..#.##.
... # # . .
##.#..#..#.#..#..
# ##.#
.#...##..#...##
.## . # . . #
..#.... D.# . . ..
.. . #....§### #
.. .. ####
........ # ..
...... ##...... .
#. ... ..# .


You could see a wretched star (ally target) and a friendly cacodemon (summoned).

Vanquished Creatures
  A tentacled starspawn (Abyss:2)
  Kirke (Lair:4)
  An ironbound preserver (D:13)
  A stone giant (D:15)
  A yellow draconian (Abyss:2)
  4 dire elephants (Lair:6)
  2 fire dragons (D:14)
  2 vault guards (Bailey)
  7 centaur warriors
  3 boulder beetles
  7 hydras
  Erica (Lair:2)
  2 death knights
  4 death yaks (Lair:6)
  A hell hog (Abyss:2)
  3 orc high priests (Orc:2)
  8 two-headed ogres
  Urug (D:11)
  A tengu warrior (D:13)
  A spectral dire elephant (Lair:6)
  A thrashing horror (Abyss:2)
  A spectral death yak (Lair:6)
  A hell knight (Volcano)
  A sea snake (D:14)
  A skeletal warrior (D:15)
  A wizard (D:12)
  A spectral anaconda (Lair:6)
  An obsidian statue (Lair:6)
  3 orc knights
  A large abomination (Abyss:2)
  A deep elf pyromancer (D:15)
  A harpy (Lair:3)
  2 orc sorcerers
  3 necromancers (Lair:6)
  10 ugly things
  7 cyclopes
  Maurice (D:11)
  6 black mambas
  21 elephants
  Maggie (D:10)
  13 cane toads
  A torpor snail (Lair:6)
  4 gargoyles (D:10)
  An efreet (D:10)
  A dire elephant skeleton (Lair:6)
  A rime drake (Lair:3)
  8 komodo dragons
  5 yaktaurs
  A tengu conjurer (D:13)
  A meliai (shapeshifter) (D:14)
  2 trolls
  Prince Ribbit (D:6)
  17 slime creatures
  A polar bear (Lair:2)
  A hornet (D:10)
  7 blink frogs
  2 spectral elephants (Lair:6)
  9 dream sheep
  3 jumping spiders (Lair:3)
  2 dire elephant simulacra (Lair:6)
  A vampire (D:14)
  A culicivora (Lair:3)
  A shadow (D:13)
  5 wraiths
  4 humans (Bailey)
  3 wyverns
  A basilisk (shapeshifter) (Lair:3)
  A fire bat (Abyss:2)
  58 yaks
  A basilisk (Lair:5)
  A neqoxec (Abyss:2)
  4 steam dragons
  4 vampire mosquitoes
  A death yak simulacrum (Lair:6)
  3 wargs
  A spectral cane toad (Lair:6)
  5 acid dragons
  9 water moccasins
  23 orc warriors
  An elephant zombie (Lair:6)
  2 black bears
  2 necrophages (D:6)
  2 ogres (Orc:2)
  2 elephant skeletons (Lair:6)
  12 wolves
  7 centaurs
  4 kobold brigands
  29 bullfrogs
  4 scorpions
  A cane toad simulacrum (Lair:6)
  A wyvern zombie (D:8)
  A water moccasin skeleton (D:5)
  9 killer bees
  An elephant simulacrum (Lair:6)
  4 howler monkeys
  2 wights (D:9)
  An electric eel (Lair:4)
  7 centaur zombies
  2 hounds
  2 gnoll shamans
  3 jellies
  2 centaur skeletons (D:4)
  28 orc priests
  2 scorpion zombies (D:5)
  Natasha (thrice) (D:4)
  2 small abominations (Abyss:2)
  2 iguanas
  32 orc wizards
  A centaur simulacrum (D:10)
  A hound zombie (D:5)
  A howler monkey skeleton (D:6)
  7 adders
  13 gnolls
  A shadow imp (D:6)
  An adder skeleton (D:4)
  2 worms
  2 dart slugs
  70 orcs
  5 bats
  7 endoplasms
  4 giant cockroaches
  14 goblins
  3 hobgoblins
  3 jackals (D:2)
  17 kobolds
  7 quokkas
  3 ball pythons
  3 frilled lizards
  6 rats
  A lurking horror (Lair:6)
667 creatures vanquished.

Vanquished Creatures (collateral kills)
  2 hydras
  A boulder beetle (D:14)
  A death knight (D:15)
  A two-headed ogre (D:13)
  A centaur warrior (D:10)
  An orc high priest (Orc:2)
  An orc knight (D:9)
  An ugly thing (D:13)
  A salamander (shapeshifter) (D:13)
  A cyclops (D:10)
  A gargoyle (D:12)
  A cane toad (Lair:6)
  A freezing wraith (D:10)
  2 komodo dragons
  A troll (Orc:2)
  5 yaks
  A wyvern (Lair:6)
  A warg (Orc:2)
  2 orc warriors
  An elephant zombie (Lair:6)
  2 centaurs (D:13)
  A wight (D:9)
  A lava snake (D:14)
  A hound (D:5)
  3 orc priests
  A killer bee zombie (D:8)
  A worm (D:3)
  3 orcs
  A jackal (D:2)
  A kobold (D:4)
  A quokka (D:3)
43 creatures vanquished.

Vanquished Creatures (others)
  3 yaks (Lair:3)
  A human (Lair:4)
  A fire vortex (D:14)
  33 fungi
  65 plants
  2 starspawn tentacles (Abyss:2)
  26 withered plants (Lair:6)
131 creatures vanquished.

Grand Total: 841 creatures vanquished

Notes
Turn   | Place    | Note
-------+----------+-------------------------------------------
     0 | D:1      | Mgcat the Demonspawn Wanderer began the quest for the Orb.
     0 | D:1      | Mgcat set off with the following items: a +0 mace, 8
                  | boomerangs, a +0 dagger, a +0 robe; and the following spell
                  | memorised: Slow; and the following spells available to
                  | memorise: Portal Projectile, Fulminant Prism
     0 | D:1      | Reached XP level 1. HP: 13/13 MP: 2/2
   581 | D:1      | Gained mutation: A weak demonic guardian rushes to your
                  | aid. [demonic ancestry]
   581 | D:1      | Reached XP level 2. HP: 13/20 MP: 1/3
   771 | D:1      | Found a faded altar of an unknown god.
   781 | D:1      | Reached skill level 1 in Fighting
   787 | D:1      | Prayed at the altar of an unknown god.
   787 | D:1      | Became a worshipper of Xom of Chaos
  1093 | D:1      | XOM: silly message
  1131 | D:1      | Reached skill level 1 in Axes
  1173 | D:1      | XOM: silly message
  1312 | D:1      | XOM: silly message
  1545 | D:1      | XOM: summons 2 hostile demons
  1621 | D:2      | Gained mutation: A demonic guardian rushes to your aid.
                  | [demonic ancestry]
  1621 | D:2      | Reached XP level 3. HP: 20/26 MP: 1/4
  2037 | D:2      | Reached skill level 2 in Dodging
  2710 | D:3      | XOM: noise
  2835 | D:3      | Gained mutation: You have large cloven feet. [demonic
                  | ancestry]
  2835 | D:3      | Reached XP level 4. HP: 22/33 MP: 1/5
  3092 | D:3      | XOM: 1-stop teleportation journey
  3111 | D:3      | Reached skill level 2 in Fighting
  3500 | D:3      | Identified the +8 falchion of Lepangej {protect, *Noise
                  | *Slow rElec Str+8 SInv}
  3808 | D:4      | Found a staircase to the Ecumenical Temple.
  3840 | D:4      | Reached skill level 1 in Long Blades
  3840 | D:4      | Gained mutation: You regenerate a little health from kills.
                  | [demonic ancestry]
  3840 | D:4      | Reached XP level 5. HP: 33/39 MP: 6/6
  3927 | D:4      | XOM: scenery: create altars
  3937 | D:4      | Reached skill level 3 in Fighting
  3937 | D:4      | Reached skill level 3 in Dodging
  4068 | D:4      | Noticed Natasha
  4073 | D:4      | XOM: cast spell 'Cause Fear'
  4079 | D:4      | Killed Natasha
  4093 | D:4      | XOM: confusion
  4100 | D:4      | Reached skill level 2 in Long Blades
  4100 | D:4      | Gained mutation: You have hoof-like feet. [demonic
                  | ancestry]
  4100 | D:4      | Reached XP level 6. HP: 36/47 MP: 7/7
  4235 | D:4      | XOM: noise
  4381 | D:4      | Noticed Natasha
  4390 | D:4      | Killed Natasha
  4611 | D:4      | XOM: silly message
  4716 | D:4      | Noticed Natasha
  4722 | D:4      | Killed Natasha
  4823 | D:5      | Entered Level 5 of the Dungeon
  4838 | D:5      | XOM: 2-stop teleportation journey
  4855 | D:5      | XOM: summons friendly quasit
  4858 | D:5      | Reached skill level 4 in Fighting
  4858 | D:5      | Gained mutation: You regenerate health from kills. [demonic
                  | ancestry]
  4858 | D:5      | Reached XP level 7. HP: 54/54 MP: 8/8
  4861 | D:5      | Reached skill level 3 in Long Blades
  4863 | D:5      | XOM: summons 4 hostile demons
  4865 | D:5      | Reached skill level 1 in Armour
  4940 | D:5      | Gained mutation: You are agile. (Dex +2) [potion of
                  | mutation]
  5039 | D:5      | Reached skill level 2 in Armour
  5401 | D:6      | Reached skill level 5 in Fighting
  5405 | D:6      | Reached skill level 4 in Long Blades
  5415 | D:6      | Reached XP level 8. HP: 62/62 MP: 9/9
  5441 | D:6      | Reached skill level 3 in Armour
  5656 | D:6      | Noticed Prince Ribbit
  5667 | D:6      | Killed Prince Ribbit
  5697 | D:6      | XOM: give mutations
  5697 | D:6      | Gained mutation: You are strong-willed. (Will+) [Xom's
                  | grace]
  5697 | D:6      | Gained mutation: You expend magic power (3 MP) to
                  | strengthen your wands. [Xom's grace]
  5697 | D:6      | Gained mutation: You have a pair of small horns on your
                  | head. [Xom's grace]
  5697 | D:6      | Gained mutation: Your movements are slightly less
                  | encumbered by armour. (ER -2) [Xom's grace]
  5885 | D:6      | Reached skill level 6 in Fighting
  5885 | D:6      | Reached skill level 5 in Long Blades
  5885 | D:6      | Reached skill level 4 in Armour
  6101 | D:7      | Found Tunuc's Antique Weapon Shoppe.
  6140 | D:7      | Found a transporter.
  6140 | D:7      | Noticed a raiju
  6141 | D:7      | Noticed a purple ugly thing
  6142 | D:7      | Found a corrupted altar of Lugonu.
  6143 | D:7      | Found a transporter.
  6143 | D:7      | Noticed a green ugly thing
  6143 | D:7      | Noticed a green ugly thing
  6187 | D:7      | XOM: draining
  6222 | D:7      | XOM: 2-stop teleportation journey
  6327 | D:7      | Mutation became permanent: Your movements are slightly less
                  | encumbered by armour. (ER -2) [demonic ancestry]
  6327 | D:7      | Gained mutation: Your movements are slightly less
                  | encumbered by armour. (ER -2) [demonic ancestry]
  6327 | D:7      | Reached XP level 9. HP: 64/65 MP: 10/10
  6358 | D:7      | Reached skill level 5 in Armour
  6414 | D:7      | Found a runed translucent gate.
  6415 | D:7      | Found a runed translucent gate.
  6415 | D:7      | Noticed numbers123456's ghost (amateur HOMo)
  6416 | D:7      | Found a runed translucent gate.
  6506 | D:7      | Reached skill level 6 in Long Blades
  6759 | D:8      | Found a flagged portal.
  6768 | D:8      | Reached skill level 7 in Fighting
  6774 | D:8      | XOM: swap monsters
  6818 | Bailey   | XOM: noise
  6818 | Bailey   | Entered a bailey
  6821 | Bailey   | Noticed a black mamba
  6821 | Bailey   | a human changed into a black mamba
  6821 | Bailey   | XOM: polymorph human -> black mamba
  6828 | Bailey   | XOM: fake destruction
  6839 | Bailey   | Killed a black mamba
  6842 | Bailey   | Reached skill level 6 in Armour
  6853 | Bailey   | Reached skill level 8 in Fighting
  6853 | Bailey   | Reached skill level 7 in Long Blades
  6854 | Bailey   | XOM: repel stairs
  6894 | Bailey   | Reached XP level 10. HP: 80/80 MP: 11/11
  6900 | Bailey   | Noticed a vault guard
  6903 | Bailey   | XOM: stat loss: -1 Str (23/24)
  6909 | Bailey   | XOM: confuse monster(s)
  6913 | Bailey   | XOM: noise
  6915 | Bailey   | Killed a vault guard
  6959 | Bailey   | Noticed a vault guard
  6964 | Bailey   | XOM: swap monsters
  6966 | Bailey   | Reached skill level 7 in Armour
  6970 | Bailey   | XOM: confusion
  6977 | Bailey   | XOM: summons 3 friendly demons
  6978 | Bailey   | XOM: potion effect (brilliance)
  6987 | Bailey   | XOM: torment (21/82 hp)
  6988 | Bailey   | HP: 20/82 [vault guard (1)]
  6995 | Bailey   | Killed a vault guard
  6996 | Bailey   | Reached skill level 9 in Fighting
  7340 | Bailey   | XOM: give mutations
  7340 | Bailey   | Gained mutation: Your spells are a little harder to cast,
                  | but a little more powerful. [Xom's grace]
  7340 | Bailey   | Gained mutation: You passively map a small area around you.
                  | [Xom's grace]
  7501 | Bailey   | XOM: confuse monster(s)
  7504 | Bailey   | Reached skill level 8 in Long Blades
  7644 | D:8      | Found a hide-covered altar of Uskayaw.
  8083 | D:8      | XOM: scenery: 1 doors close
  8261 | D:9      | XOM: noise
  8282 | D:9      | Found a staircase to the Orcish Mines.
  8282 | D:9      | XOM: 1-stop teleportation journey
  8437 | D:9      | XOM: swap monsters
  8511 | D:9      | XOM: fog
  8588 | D:9      | Found a staircase to the Lair.
  8630 | D:9      | XOM: fake destruction
  8667 | D:9      | XOM: enchant monster (good)
  8672 | D:9      | Reached skill level 8 in Armour
  8683 | D:9      | Reached XP level 11. HP: 68/87 MP: 12/12
  8690 | D:9      | XOM: polymorph sixfirhy -> soul eater
  8755 | D:9      | Noticed a two-headed ogre
  8760 | D:9      | XOM: cast spell 'Summon Hydra'
  8763 | D:9      | Killed a two-headed ogre
  8764 | D:9      | Reached skill level 9 in Long Blades
  9020 | D:9      | Found a shimmering blue altar of Sif Muna.
  9192 | D:10     | Entered Level 10 of the Dungeon
  9198 | D:10     | XOM: enchant monster (good)
  9200 | D:10     | XOM: confuse monster(s)
  9366 | D:10     | Reached skill level 10 in Fighting
  9460 | D:10     | XOM: confusion (+ monsters)
  9460 | D:10     | Noticed a two-headed ogre
  9468 | D:10     | HP: 21/90 [two-headed ogre (12)]
  9470 | D:10     | Killed a two-headed ogre
  9497 | D:10     | Noticed a centaur warrior
  9502 | D:10     | HP: 18/91 [centaur warrior/arrow (12)]
  9508 | D:10     | HP: 15/91 [centaur warrior/arrow (5)]
  9510 | D:10     | HP: 7/91 [centaur warrior/arrow (3)]
  9676 | D:9      | XOM: summons 6 hostile demons
  9694 | D:9      | HP: 22/91 [hellwing[Xom] (4)]
  9942 | D:9      | XOM: summons 4 hostile shadow creatures
  9943 | D:9      | Noticed a two-headed ogre
  9954 | D:10     | Killed a centaur warrior
  9955 | D:10     | Reached skill level 10 in Long Blades
 10217 | D:10     | XOM: noise
 10221 | D:10     | XOM: swap monsters
 10222 | D:10     | XOM: silly message
 10230 | D:10     | XOM: swap monsters
 10232 | D:10     | XOM: swap monsters
 10241 | D:10     | XOM: draining
 10249 | D:10     | XOM: swap monsters
 10251 | D:10     | XOM: summons 3 hostile demons
 10253 | D:10     | XOM: cast spell 'Dispersal'
 10285 | D:10     | Noticed a death knight
 10292 | D:10     | Noticed a centaur warrior
 10304 | D:10     | XOM: confuse monster(s)
 10311 | D:10     | Noticed Maggie
 10313 | D:10     | Killed a centaur warrior
 10318 | D:10     | Killed a death knight
 10319 | D:10     | Reached skill level 9 in Armour
 10326 | D:10     | Noticed an orc knight
 10326 | D:10     | XOM: potion effect (might)
 10333 | D:10     | XOM: cloud trail
 10393 | D:10     | XOM: cast spell 'Disjunction'
 10394 | D:10     | XOM: potion effect (experience)
 10394 | D:10     | Reached skill level 11 in Fighting
 10394 | D:10     | Reached skill level 11 in Long Blades
 10394 | D:10     | Gained mutation: A powerful demonic guardian rushes to your
                  | aid. [demonic ancestry]
 10394 | D:10     | Reached XP level 12. HP: 47/100 MP: 13/13
 10406 | D:10     | Killed Maggie
 10584 | D:10     | XOM: divination: detect creatures
 10586 | D:10     | Reached skill level 12 in Long Blades
 10596 | D:10     | HP: 23/100 [gargoyle/stone arrow (18)]
 10816 | D:10     | Noticed a centaur warrior
 10824 | D:10     | XOM: enchant monster (good)
 10835 | D:10     | Killed a centaur warrior
 10836 | D:10     | Reached skill level 10 in Armour
 10836 | D:10     | Gained mutation: Your movements are less encumbered by
                  | armour. (ER -4) [demonic ancestry]
 10836 | D:10     | Reached XP level 13. HP: 76/106 MP: 14/14
 11057 | D:10     | XOM: divination: magic mapping
 11233 | D:10     | XOM: enchant monster (good)
 11244 | D:10     | HP: 22/107 [orc knight (12)]
 11309 | D:10     | XOM: cloud trail
 11628 | D:10     | Reached skill level 12 in Fighting
 11913 | D:11     | Noticed Maurice
 11913 | D:11     | XOM: 5-stop teleportation journey
 11930 | D:11     | XOM: butterfly on damage
 11938 | D:11     | Killed Maurice
 12040 | D:11     | XOM: summons 2 friendly demons
 12044 | D:11     | XOM: swap monsters
 12089 | D:11     | XOM: potion effect (curing)
 12142 | D:11     | Reached skill level 13 in Long Blades
 12282 | D:11     | XOM: give mutations
 12282 | D:11     | Lost mutation: You have a pair of small horns on your head.
                  | [Xom's mischief]
 12282 | D:11     | Lost mutation: You are strong-willed. (Will+) [Xom's
                  | mischief]
 12344 | D:11     | Noticed Urug
 12351 | D:11     | XOM: divination: detect items
 12360 | D:11     | Killed Urug
 12480 | D:11     | XOM: god gift: 2 scrolls of teleportation
 12526 | D:11     | Found a sparkling altar of Nemelex Xobeh.
 12533 | D:11     | XOM: god gift: leather armour {god gift}
 12835 | Lair:1   | Entered Level 1 of the Lair of Beasts
 12842 | Lair:1   | Identified the +0 hat of Free Expression {Str+4}
 13074 | Lair:1   | XOM: cloud trail
 13202 | Lair:1   | Identified the +1 leather armour of Forking Paths {Regen+}
 13520 | Lair:1   | XOM: give mutations
 13520 | Lair:1   | Gained mutation: Your mind is acute. (Int +2) [Xom's
                  | mischief]
 13520 | Lair:1   | Lost mutation: You are agile. (Dex +2) [Xom's mischief]
 13609 | Lair:1   | XOM: scenery: create altars
 13611 | Lair:1   | XOM: god gift: 816 gold pieces
 13785 | Lair:1   | XOM: smoke on damage
 14144 | Lair:2   | XOM: god gift: 2 potions of lignification
 14214 | Lair:2   | XOM: summons 2 friendly demons
 14270 | Lair:2   | XOM: confusion
 14275 | Lair:2   | XOM: 6-stop teleportation journey
 14278 | Lair:2   | Found a runed translucent gate.
 14278 | Lair:2   | Found a runed translucent gate.
 14278 | Lair:2   | XOM: 1-stop teleportation journey
 14279 | Lair:2   | Found a runed translucent gate.
 14298 | Lair:2   | HP: 21/109 [four-headed hydra (8)]
 14298 | Lair:2   | HP: 10/109 [four-headed hydra (11)]
 14491 | Lair:2   | XOM: potion effect (might)
 14621 | Lair:2   | Reached skill level 11 in Armour
 14649 | Lair:2   | XOM: silly message
 14661 | Lair:2   | XOM: noise
 14765 | Lair:2   | Reached skill level 1 in Slings
 14784 | Lair:2   | Noticed Erica
 14793 | Lair:2   | Killed Erica
 15121 | Lair:2   | XOM: summons friendly quasit
 15125 | Lair:2   | XOM: divination: detect items
 15169 | Lair:2   | XOM is BORED!
 15169 | Lair:2   | XOM: polymorph quasit -> white imp
 15171 | Lair:2   | Reached skill level 14 in Long Blades
 15348 | Lair:2   | Found a staircase to the Swamp.
 15374 | Lair:2   | Identified the +1 robe "Daninev" {rC+ Regen+ Str+4}
 15420 | Lair:2   | Noticed wineyard's ghost (journeyman DsWn)
 15569 | Lair:2   | XOM: noise
 15958 | Lair:3   | Reached skill level 2 in Slings
 15985 | Lair:3   | Found a dark tunnel.
 15990 | Volcano  | Entered a volcano
 16009 | Volcano  | Found a radiant altar of Vehumet.
 16013 | Volcano  | XOM: confuse monster(s)
 16029 | Volcano  | XOM: scenery: 6 doors open
 16035 | Volcano  | XOM: confuse monster(s)
 16051 | Volcano  | Reached skill level 13 in Fighting
 16051 | Volcano  | Reached XP level 14. HP: 52/118 MP: 15/15
 16090 | Volcano  | XOM: scenery: 10 doors close
 16186 | Volcano  | XOM: noise
 16280 | Lair:3   | XOM: silly message
 16298 | Lair:3   | Reached skill level 3 in Slings
 16347 | Lair:3   | XOM: noise
 16358 | Lair:3   | XOM: divination: magic mapping
 16438 | Lair:3   | XOM: polymorph yak -> harpy
 16455 | Lair:3   | XOM: fog
 16467 | Lair:3   | XOM: divine lightning
 16530 | Lair:3   | XOM: cleaving
 16720 | Lair:3   | XOM: god gift: scroll of teleportation
 16736 | Lair:3   | XOM: god gift: shortbow {god gift}
 16861 | Lair:3   | You fall into a shaft and drop 3 floors!
 16861 | Lair:6   | Entered Level 6 of the Lair of Beasts
 16879 | Lair:6   | Reached skill level 4 in Slings
 16923 | Lair:5   | Noticed Nessos
 16975 | Lair:4   | XOM: potion effect (brilliance)
 16977 | Lair:4   | XOM: repel stairs
 16997 | Lair:4   | XOM: divination: detect creatures
 17238 | Lair:4   | Reached skill level 12 in Armour
 17269 | Lair:4   | XOM: 1-stop teleportation journey
 17308 | Lair:4   | XOM: give mutation
 17308 | Lair:4   | Gained mutation: Your system is resistant to poisons.
                  | (rPois) [Xom's grace]
 17445 | Lair:3   | XOM: potion effect (haste)
 17459 | Lair:3   | Reached skill level 5 in Slings
 17489 | Lair:3   | XOM: fog
 17496 | Lair:3   | XOM: polymorph redback -> shapeshifter
 17505 | Lair:3   | Found a hole to the Spider Nest.
 17552 | Lair:3   | XOM: divination: detect items
 17622 | Lair:3   | XOM is BORED!
 17665 | Lair:4   | Noticed Kirke
 17673 | Lair:4   | XOM: divination: magic mapping
 17679 | Lair:4   | XOM: summons friendly crimson imp
 17681 | Lair:4   | Killed Kirke
 17700 | Lair:4   | XOM: enchant monster (good)
 17827 | Lair:4   | XOM: cleaving
 18312 | Lair:4   | XOM: give mutation
 18312 | Lair:4   | Gained mutation: Armour fits poorly on your strangely
                  | shaped body. [Xom's mischief]
 18355 | Lair:5   | XOM: summons friendly crimson imp
 18368 | Lair:5   | XOM: enchant monster (bad)
 18370 | Lair:5   | Reached skill level 14 in Fighting
 18434 | Lair:5   | XOM: scenery: create altars
 18482 | Lair:5   | XOM: blink monster(s)
 18523 | Lair:5   | XOM: summons friendly crimson imp
 18524 | Lair:5   | XOM: polymorph crimson imp -> iron imp
 18683 | Lair:4   | XOM: scenery: summon butterflies
 18721 | Lair:5   | Noticed Nessos
 18721 | Lair:5   | Nessos changed into Nessos the dream sheep
 18726 | Lair:5   | Killed Nessos the dream sheep
 19001 | Lair:5   | XOM: give mutations
 19001 | Lair:5   | Gained mutation: You have sharp fingernails. [Xom's grace]
 19001 | Lair:5   | Gained mutation: You are robust. (+10% HP) [Xom's grace]
 19001 | Lair:5   | Gained mutation: You have hidden genetic potential. [Xom's
                  | grace]
 19013 | Lair:5   | Reached skill level 6 in Slings
 19138 | Lair:5   | XOM: give mutation
 19138 | Lair:5   | Gained mutation: You have a pair of small antennae on your
                  | head. [Xom's grace]
 19317 | Lair:5   | XOM: silly message
 19483 | Lair:6   | XOM: smoke on damage
 19671 | Lair:6   | Found a one-way gate to the infinite horrors of the Abyss.
 19678 | Lair:6   | Found a corrupted altar of Lugonu.
 19711 | Lair:6   | Found a staircase to the Slime Pits.
 19711 | Lair:6   | Found a viscous altar of Jiyva.
 19730 | Lair:6   | XOM: blink monster(s)
 19742 | Lair:6   | XOM: butterfly on damage
 19758 | Lair:6   | XOM: divination: detect items
 19761 | Lair:6   | XOM: cast spell 'Olgreb's Toxic Radiance'
 19766 | Lair:6   | XOM: silly message
 19811 | Lair:6   | XOM: potion effect (might)
 19841 | Lair:5   | XOM: silly message
 19938 | Lair:6   | XOM: 8-stop teleportation journey
 20032 | Lair:6   | XOM: potion effect (might)
 20040 | Lair:6   | XOM: silly message
 20046 | Lair:6   | XOM: divination: detect creatures
 20052 | Lair:6   | XOM: divination: detect creatures
 20233 | Lair:6   | XOM: 2-stop teleportation journey
 20329 | Lair:6   | Found a hide-covered altar of Uskayaw.
 20349 | Lair:6   | XOM: cloud trail
 20389 | Lair:6   | XOM: cast spell 'Summon Mana Viper'
 20483 | Lair:6   | Gained mutation: Your hexes are more powerful. [demonic
                  | ancestry]
 20483 | Lair:6   | Reached XP level 15. HP: 97/139 MP: 16/16
 20673 | Lair:6   | XOM: swap monsters
 20689 | Lair:6   | Reached skill level 7 in Slings
 20719 | Lair:6   | XOM: god gift: 16 gold pieces
 20739 | Lair:6   | Reached skill level 13 in Armour
 20788 | Lair:6   | XOM: confuse monster(s)
 20957 | Lair:6   | XOM: summons 2 friendly demons
 20973 | Lair:6   | XOM: cast spell 'Chain of Chaos'
 20988 | Lair:6   | XOM: divination: detect creatures
 21278 | Lair:6   | Identified the +4 flail of Ashenzari's Esteem {vorpal,
                  | rCorr Stlth+}
 21590 | Lair:6   | XOM: divine lightning
 21919 | Lair:6   | XOM: summons 5 hostile demons
 21974 | Lair:6   | Identified the ring of the Firefly {rC- rN+ Str+4 Dex+4
                  | Slay-3}
 22157 | Lair:4   | XOM: summons 8 hostile demons
 22551 | Orc:1    | Entered Level 1 of the Orcish Mines
 22582 | D:9      | XOM: confusion (+ monsters)
 22649 | Orc:1    | Found Ymmiq's Antique Armour Emporium.
 22710 | Orc:1    | Found Fuhadgh's Assorted Antiques.
 22768 | Orc:1    | Found Renimm's Magic Scroll Shop.
 22802 | Orc:1    | Found Etzemn's Armour Shop.
 22802 | Orc:1    | XOM: 1-stop teleportation journey
 22810 | Orc:1    | Bought the +0 cloak "Datuargh" {rF+ Int+4 SInv} for 373
                  | gold pieces
 22870 | Orc:1    | Found a bloodstained altar of Trog.
 23039 | Orc:1    | XOM: noise
 23112 | Orc:2    | Entered Level 2 of the Orcish Mines
 23115 | Orc:2    | XOM: polymorph orc -> kobold
 23137 | Orc:2    | XOM: fake destruction
 23141 | Orc:2    | Reached skill level 15 in Fighting
 23169 | Orc:2    | XOM: noise
 23185 | Orc:2    | XOM: confuse monster(s)
 23391 | Orc:2    | Found Ogatucoa's Armour Shop.
 23391 | Orc:2    | Found Vicif's Armour Shop.
 23392 | Orc:2    | Found Nuleanici's Weapon Boutique.
 23396 | Orc:2    | Found Dengise's Magic Scroll Boutique.
 23402 | Orc:2    | Bought a +4 plate armour of willpower for 550 gold pieces
 23496 | Orc:2    | XOM: silly message
 23504 | Orc:2    | Reached skill level 8 in Slings
 23514 | Orc:2    | XOM: confuse monster(s)
 23601 | Orc:2    | Found a staircase to the Elven Halls.
 23771 | Orc:2    | XOM: god gift: +1 ring mail of willpower
 24175 | Orc:1    | Bought a scroll of enchant weapon for 210 gold pieces
 24303 | D:12     | Reached skill level 2 in Axes
 24513 | D:12     | XOM: enchant monster (good)
 24546 | D:12     | Gained mutation: You passively dampen the noise of your
                  | surroundings. [hidden potential]
 24559 | D:12     | XOM: god gift: staff of poison
 24776 | D:12     | Found Toonoyc's Weapon Shop.
 24960 | D:12     | XOM: confuse monster(s)
 25003 | D:12     | Found Ewihot's Distillery.
 25013 | D:12     | Bought a potion of might for 48 gold pieces
 25013 | D:12     | Bought a potion of might for 48 gold pieces
 25030 | D:12     | Found Fenuxt's Assorted Antiques.
 25033 | D:12     | Found Koym's Weapon Boutique.
 25059 | D:12     | Bought a fading broad axe for 261 gold pieces
 25059 | D:12     | Identified the +3 broad axe of Resourcefulness {spect,
                  | rElec Str+4 Int+2 Dex-3} (You bought it in a shop on level
                  | 12 of the Dungeon)
 25138 | D:12     | Reached skill level 3 in Axes
 25169 | D:12     | Found Xiaghiax's Distillery.
 25172 | D:12     | Bought a potion of might for 72 gold pieces
 25323 | D:13     | Identified the amulet "Satiots" {RegenMP Fragile Int+4
                  | Stlth+}
 25465 | D:13     | XOM: 5-stop teleportation journey
 25729 | D:13     | XOM: confuse monster(s)
 26142 | D:13     | Reached skill level 4 in Axes
 26155 | D:13     | XOM: cleaving
 26185 | D:13     | XOM is BORED!
 26185 | D:13     | XOM: give mutation
 26185 | D:13     | Gained mutation: You are clumsy. (Dex -2) [Xom's mischief]
 26229 | D:13     | Found a gate to the Vaults.
 26648 | D:13     | XOM: fog
 26776 | D:14     | Found Tinigron's Antique Armour Shop.
 26835 | D:14     | Bought a runed orb for 324 gold pieces
 26918 | D:14     | XOM: smoke on damage
 26920 | D:14     | XOM: polymorph manticore -> sea snake
 27309 | D:14     | Identified the ring of Ziva {rC- rCorr MP+9 Dex+2}
 27624 | D:14     | XOM: cloud trail
 27760 | D:14     | XOM: divination: detect creatures
 27903 | D:14     | Reached skill level 5 in Axes
 28209 | D:14     | Reached XP level 16. HP: 149/149 MP: 17/17
 28552 | D:15     | Entered Level 15 of the Dungeon
 28563 | D:15     | XOM: enchant monster (good)
 28796 | D:15     | XOM: scenery: create altars
 28798 | D:15     | XOM: cleaving
 28812 | D:15     | XOM: give mutations
 28812 | D:15     | Gained mutation: You have hooves in place of feet. [Xom's
                  | grace]
 28812 | D:15     | Gained mutation: Your muscles are strong. (Str +2) [Xom's
                  | grace]
 28910 | D:15     | XOM: divination: detect creatures
 28932 | D:15     | XOM: summons 4 friendly demons
 28936 | D:15     | XOM: summons 5 friendly demons
 28937 | D:15     | HP: 36/149 [death knight (21)]
 29131 | D:14     | XOM: give mutation
 29335 | D:15     | Reached skill level 14 in Armour
 29628 | D:15     | Reached skill level 9 in Slings
 29655 | D:15     | Found a staircase to the Depths.
 29663 | D:15     | XOM: potion effect (heal wounds)
 29912 | D:15     | Noticed Louise
 29920 | D:15     | Reached skill level 6 in Axes
 29936 | D:15     | Cast into level 2 of the Abyss (Louise)
 29997 | Abyss:2  | XOM: enchant monster (bad)
 30164 | Abyss:2  | Noticed a tentacled starspawn
 30169 | Abyss:2  | XOM: summons 1 hostile shadow creature
 30170 | Abyss:2  | Noticed a tentacled monstrosity
 30173 | Abyss:2  | XOM: enchant monster (bad)
 30179 | Abyss:2  | Killed a tentacled starspawn
 30244 | Abyss:2  | XOM: scenery: create altars
 30248 | Abyss:2  | Noticed a bone dragon
 30250 | Abyss:2  | XOM: noise
 30261 | Abyss:2  | XOM: fog
 30263 | Abyss:2  | HP: 25/150 [wretched star/lance of force (23)]
 30264 | Abyss:2  | Killed from afar by a wretched star

Illustrated notes

Levels and vault maps discovered:
D:1:      dpeg_arrival_subterranean_lakeside_camping, layout_basic,
          shapermc_ecumenical_altar_pompeii
D:2:      layout_rooms, serial_glass, glass_columns_b, glass_columns_a,
          glass_columns_a
D:3:      layout_basic, ebering_dispersal_statue_hall
D:4:      layout_gridville, minmay_temple_entry_junction_2, serial_rivers,
          chequers_serial_rivers_room_b, chequers_serial_rivers_micro_a,
          chequers_serial_rivers_small_a, chequers_serial_rivers_small_a,
          chequers_serial_rivers_room_a, uniq_natasha
D:5:      layout_cave_pools
D:6:      layout_cave_pods, uniq_prince_ribbit1
D:7:      gammafunk_corrupted_shrine, layout_cave_pools,
          gammafunk_ghost_nasty_kobolds, serial_shops, nicolae_shop_crystal
D:8:      layout_loops_ring, gammafunk_temple_overflow_wave,
          nicolae_ossuary_entry_plus, enter_bailey_2
D:9:      layout_roguey, lemuel_doored_altar, lair_entry_dummy,
          david_orc_1_choice
D:10:     cheibrodos_ideogram_h, layout_grid_maze, minivault_28, uniq_maggie
D:11:     layout_basic, nemelex_diamond_rough_becter, uniq_urug, uniq_maurice
D:12:     layout_rooms, serial_shops, nicolae_lakefront_shop, shop,
          kennysheep_mini, nicolae_shop_overgrown_old_shop,
          nicolae_shop_bloodbath_and_beyond, nicolae_elevator_lobby_plus
D:13:     layout_irregular_city, skrybe_vaults_entry_preservation
D:14:     kennysheep_scales, layout_irregular_city, serial_shops,
          nicolae_shop_waterfront, small_statue_intersection
D:15:     grunt_enter_depths_giant_problem, layout_rooms, okawaru_trees_1,
          serial_shops, nicolae_diamond_shop, uniq_louise
Lair:1:   layout_long_grid
Lair:2:   layout_layer_cave, swamp_mist, gammafunk_ghost_necromancy,
          fungi_pond_lemuel, minmay_lair_oklob_bushes, guppyfry_lair_drakes,
          uniq_erica
Lair:3:   layout_big_grid, spider_nest_entry_funnel_web, enter_volcano_1
Lair:4:   layout_cave_pods, serial_bayou_shore_a, uniq_kirke
Lair:5:   layout_loops_ring, grunt_megastairs_5, infiniplex_staircase_pool,
          uniq_nessos
Lair:6:   due_jungle_book, layout_regular_city, slime_altar_1, basic_altar,
          amcnicky_altar_lugonu_corruption
Orc:1:    layout_caves, serial_shops, shop_statue, shop,
          nicolae_shop_window_shopping, shop, trog_butcher_becter
Orc:2:    st_orc_mages, layout_caves
Abyss:2:  base: D:9, evilmike_abyss_exit_vortex, hangedman_abyss_or_decor_slice

Skill      XL: |  1  2  3  4  5  6  7  8  9 10 11 12 13 14 15 16 |
---------------+-------------------------------------------------+-----
Fighting       | 1 2 3 4 5 6 8 9 11 13 14 15 | 15.6
Axes           | 1 5 6 |  6.0
Dodging        | 2 3 |  3.7
Long Blades    | 1 2 4 5 7 8 11 12 14 | 14.3
Armour         | 2 4 6 8 9 10 11 12 13 14 | 14.0
Slings         | 2 6 8 9 |  9.0
Maces & Flails | |  2.8
Throwing       | |  2.6
Spellcasting   | |  1.0
Hexes          | |  2.0

Action                   |  1- 3 |  4- 6 |  7- 9 | 10-12 | 13-15 | 16-18 || total
-------------------------+-------+-------+-------+-------+-------+-------++-------
Melee: Hand axe          |   165 |    30 |       |       |       |       ||   195
       Mace              |    10 |       |       |       |       |       ||    10
       Falchion          |       |    82 |   253 |   375 |  1921 |   223 ||  2854
       Kick              |       |    23 |    78 |   137 |   155 |    88 ||   481
       Punch             |       |     1 |     5 |     7 |    49 |     8 ||    70
       Headbutt          |       |       |    25 |    80 |    40 |       ||   145
       Scimitar          |       |       |       |       |    14 |       ||    14
 Fire: Hunting sling     |     6 |     2 |     4 |     3 |    50 |       ||    65
Evoke: Wand              |       |       |       |     1 |    16 |     4 ||    21
       Condenser vane    |       |       |       |       |     1 |       ||     1
  Use: Scroll            |       |       |     7 |    12 |    25 |     1 ||    45
       Potion            |       |       |     3 |     7 |    14 |     1 ||    25
 Stab: Sleeping          |     1 |       |       |       |     1 |       ||     2
       Paralysed         |       |       |       |     3 |     1 |     1 ||     5
       Confused          |       |       |       |     2 |     6 |       ||     8
       Distracted        |       |       |       |       |     7 |       ||     7
       Invisible         |       |       |       |       |     6 |       ||     6
Armor: Robe              |    17 |       |       |       |       |       ||    17
       Ring mail         |    51 |    50 |       |       |       |       ||   101
       Chain mail        |       |     2 |    75 |       |       |       ||    77
       Skin              |       |       |     1 |       |       |       ||     1
       Plate armour      |       |       |   139 |   278 |  1101 |    97 ||  1615
Dodge: Dodged            |   111 |    78 |   178 |   199 |   808 |    68 ||  1442

Table legend: (Time is in decaauts)
 A = Elapsed time spent in this place.
 B = Non-inter-level travel time spent in this place.
 C = Inter-level travel time spent in this place.
 D = Time resting spent in this place.
 E = Time spent auto-exploring this place.
 F = Levels seen in this place.
 G = Mean time per level.
                   A        B        C        D        E       F      G
               +--------+--------+--------+--------+--------+-----+--------+
         Total |  29457 |  28141 |   1316 |   5524 |  17698 |  26 | 1133.0 |
       Dungeon |  17885 |  17013 |    872 |   3566 |  10705 |  15 | 1192.3 |
          Lair |   9017 |   8660 |    357 |   1482 |   5708 |   6 | 1502.8 |
  Orcish Mines |   1333 |   1247 |     86 |      0 |    932 |   2 |  666.5 |
         Abyss |    302 |    302 |      0 |     37 |    172 |   1 |  302.0 |
        Bailey |    704 |    704 |      0 |    423 |     91 |   1 |  704.0 |
       Volcano |    215 |    215 |      0 |     14 |     90 |   1 |  215.0 |
               +--------+--------+--------+--------+--------+-----+--------+

Top non-repeatable levels by time:
    D:14: 2406 daAuts
  Lair:6: 2324 daAuts
    D:10: 2219 daAuts
  Lair:2: 1773 daAuts
  Lair:4: 1641 daAuts
     D:1: 1626 daAuts
     D:9: 1587 daAuts
    D:13: 1438 daAuts
  Lair:1: 1285 daAuts
  Lair:5: 1167 daAuts
     D:4: 1124 daAuts
     D:3: 1091 daAuts
     D:2: 1052 daAuts
    D:11: 967 daAuts
    D:12: 961 daAuts

Table legend:
 A = Kills in this place as a percentage of kills in entire the game.
 B = Kills by you in this place as a percentage of kills by you in the entire game.
 C = Kills by friends in this place as a percentage of kills by friends in the entire game.
 D = Other kills in this place as a percentage of other kills in the entire game.
 E = Experience gained in this place as a percentage of experience gained in the entire game.
 F = Experience gained in this place divided by the number of levels of this place that you have seen.
                   A       B       C       D       E      F
               +-------+-------+-------+-------+-------+----------------------
         Total | 100.0 | 100.0 | 100.0 | 100.0 | 100.0 | 5793.3
       Dungeon |  52.8 |  52.4 |  65.1 |  22.2 |  44.8 | 4501.3
          Lair |  26.7 |  27.1 |  23.3 |  11.1 |  42.5 | 10680.7
  Orcish Mines |  14.2 |  14.3 |  11.6 |  22.2 |   7.7 | 5828.5
         Abyss |   1.3 |   1.4 |   0.0 |   0.0 |   0.0 |   0.0
        Bailey |   3.9 |   4.1 |   0.0 |  11.1 |   3.1 | 4596.0
       Volcano |   1.1 |   0.8 |   0.0 |  33.3 |   1.8 | 2770.0
               +-------+-------+-------+-------+-------+----------------------
